 Dungeon Crawl Stone Soup version 0.27.1-4-g1640c2035a (webtiles) character file.

Game seed: 16182340302170483189

22 Stomo444 the Gusty (level 2, 0/13 HPs)
             Began as a Vine Stalker Air Elementalist on Nov 12, 2021.
             Slain by Terence (2 damage)
             ... on level 2 of the Dungeon.
             The game lasted 00:03:30 (1037 turns).

Stomo444 the Gusty (Vine Stalker Air Elementalist)  Turns: 1037, Time: 00:03:31

Health: 0/13       AC:  4    Str: 10    XL:     2   Next: 91%
Magic:  0/6        EV: 12    Int: 15    God:
Gold:   103        SH:  0    Dex: 14    Spells: 5/6 levels left

rFire    . . .     SeeInvis .   j - +0 short sword
rCold    . . .     Faith    .   (no shield)
rNeg     . . .     Spirit   +   a - +0 robe
rPois    .         Reflect  .   (no helmet)
rElec    .         Harm     .   (no cloak)
rCorr    .         Rampage  .   f - +1 pair of gloves
Will     .....                  (no boots)
Stlth    ++........             (no amulet)
HPRegen  0.04/turn              (no ring)
MPRegen  0.10/turn              (no ring)

@: very slightly contaminated, slowed, very slow
A: fangs 2, magic shield, antimagic bite, no potion heal 2
a: no special abilities


You were on level 2 of the Dungeon.
You visited 1 branch of the dungeon, and saw 2 of its levels.

You collected 103 gold pieces.

Inventory:

Hand Weapons
 j - a +0 short sword (weapon)
Armour
 a - a +0 robe (worn)
 f - a +1 pair of gloves (worn)
Jewellery
 c - a ring of fire
 e - an amulet of guardian spirit
Scrolls
 b - 2 scrolls of vulnerability {unknown}
 i - a scroll of identify {unknown}
Potions
 d - 4 potions of heal wounds {unknown}
 g - a potion of degeneration {unknown}
 h - 2 potions of mutation {unknown}


   Skills:
 - Level 1.5 Dodging
 - Level 2.4 Stealth
 + Level 2.6 Spellcasting
 + Level 1.7 Conjurations
 + Level 3.3 Air Magic


You had 5 spell levels left.
You knew the following spells:

 Your Spells              Type           Power      Damage    Failure   Level
a - Shock                 Conj/Air       36%        1d5       8%          1

Your spell library contained the following spells:

 Spells                   Type           Power      Damage    Failure   Level
 Static Discharge         Conj/Air       9%         N/A       11%         2
 Swiftness                Air            12%        N/A       16%         3
 Airstrike                Air            6%         N/A       45%         4


Dungeon Overview and Level Annotations

Branches:
Dungeon (2/15)

Altars:

Annotations:
D:2 Natasha, Terence


Innate Abilities, Weirdness & Mutations

You have extremely sharp teeth.
When hurt, damage is shared between your health and your magic reserves.
Your bite disrupts and absorbs the magic of your enemies.
Potions cannot restore your health.


Message History

Natasha, Servant of Life and Death comes into view.
Casting: Shock (safe; 8% risk of failure)
Confirm with . or Enter, or press ? or * to list all spells.
Aiming: Shock (safe; 8% risk of failure)
Press: ? - help, Shift-Dir - straight line, f - Natasha
Aim: Natasha (wandering, hasn't noticed you, 60% to hit)
The zap hits Natasha.
Natasha is moderately wounded.
Natasha hisses angrily.
Casting: Shock (safe; 8% risk of failure)
Confirm with . or Enter, or press ? or * to list all spells.
Aiming: Shock (safe; 8% risk of failure)
Press: ? - help, Shift-Dir - straight line, f/p - Natasha
Aim: Natasha (moderately wounded, 60% to hit)
You miscast Shock.
Nothing appears to happen.
Natasha casts a spell at you.
You feel yourself slow down.
You hear a shout!
Terence the Incautious comes into view.
He is wielding a +2 vorpal flail.
Natasha casts a spell at you.
You feel as though you will be slow longer.
Terence says, "Did you write a will?
You should..."
Terence moves out of view.
Casting: Shock (safe; 8% risk of failure)
Confirm with . or Enter, or press ? or * to list all spells.
Aiming: Shock (safe; 8% risk of failure)
Press: ? - help, Shift-Dir - straight line, f/p - Natasha
Aim: Natasha (moderately wounded, 60% to hit)
You miscast Shock.
Nothing appears to happen.
Unknown command.
Natasha howls an incantation.
Natasha glows brightly for a moment.
Natasha barely misses you. Natasha casts a spell at you.
The magic dart hits you. Natasha casts a spell at you.
You feel as though you will be slow longer.
Terence hits you with a +2 vorpal flail!
* * * LOW HITPOINT WARNING * * *
You die...

##..≈≈.#.....#.≈≈....≈≈...
#..≈≈.≈.....<.≈≈.#≈≈≈.....
...≈..≈......≈≈...≈...#..#
..≈≈..≈≈≈.........≈.....##
..≈...............†..<...#
..≈..≈..........#<....##.#
.†...≈≈.........#..#..#
......≈≈......#.#..#..#
≈......≈.....##.@..#..##
≈≈>......######.#@...).#.
##.#.#...######.#....#...
#.#....>....##h..#.......
##.#####.###.........#....
#..# #.....##.####.# ...
#.#### #.....##.# ... [
.....###.##.....# ###..
#)##.....#####..# .


You could see Terence and Natasha.

Vanquished Creatures
  An adder (D:2)
  A dart slug (D:1)
  2 giant cockroaches (D:2)
  A goblin (D:2)
  2 hobgoblins (D:1)
  2 kobolds (D:2)
  A rat (D:1)
  A toadstool (D:1)
11 creatures vanquished.

Vanquished Creatures (others)
  3 toadstools (D:1)
3 creatures vanquished.

Grand Total: 14 creatures vanquished

Notes
Turn   | Place    | Note
-------+----------+-------------------------------------------
     0 | D:1      | Stomo444 the Vine Stalker Air Elementalist began the quest
                  | for the Orb.
     0 | D:1      | Reached XP level 1. HP: 9/9 MP: 4/4
   778 | D:2      | Reached XP level 2. HP: 13/13 MP: 1/6
  1027 | D:2      | Noticed Natasha
  1031 | D:2      | Noticed Terence
  1037 | D:2      | Slain by Terence

Illustrated notes

Levels and vault maps discovered:
D:1:      ldierk_water_garden, layout_basic, minmay_misc_feat_roman
D:2:      layout_rooms, serial_shops, shop_fountains, serial_rivers,
          chequers_serial_rivers_small_3, chequers_serial_rivers_small_b,
          chequers_serial_rivers_small_3, chequers_serial_rivers_small_b,
          ebering_ecumenical_altar_hall, uniq_natasha, uniq_terence

Action                   || total
-------------------------++-------
Melee: Unarmed           ||    13
       Bite              ||     3
 Cast: Shock             ||    23
Armor: Robe              ||     4
Dodge: Dodged            ||     9
